 Dungeon Crawl Stone Soup version 0.17-a0-1910-g4c791fa (webtiles) character file.

437 Goblin1989 the Grappler (level 6, -1/51 HPs)
             Began as a Minotaur Monk on Sept 25, 2015.
             Was a Believer of Lugonu.
             Slain by derrpe's ghost (5 damage)
             ... on level 4 of the Dungeon.
             The game lasted 00:07:57 (2478 turns).

Goblin1989 the Grappler (Minotaur Monk)             Turns: 2478, Time: 00:07:58

Health: -1/51      AC:  5    Str: 17    XL:     6   Next: 69%
Magic:  4/5        EV: 12    Int:  7    God:    Lugonu [**....]
Gold:   131        SH:  0    Dex: 13    Spells: 0 memorised, 5 levels left

rFire  . . .     SeeInvis .       - Unarmed
rCold  . . .     Clarity  .     g - +0 ring mail
rNeg   . . .     SustAt   .     (no shield)
rPois  .         Gourm    .     (helmet restricted)
rElec  .         Spirit   .     (no cloak)
rCorr  .         Warding  .     (no gloves)
rMut   .         Stasis   .     (no boots)
MR     .....                    (no amulet)
Stlth  +.........               (no ring)
                                (no ring)

@: not resistant to hostile enchantments, very unstealthy
A: retaliatory headbutt, horns 2
a: Depart the Abyss, Bend Space, Renounce Religion


You were on level 4 of the Dungeon.
You worshipped Lugonu.
Lugonu was pleased with you.
You were very hungry.

You visited 1 branch of the dungeon, and saw 4 of its levels.
You visited the Abyss 1 time.

You collected 131 gold pieces.

Inventory:

Armour
 g - a +0 ring mail (worn)
Jewellery
 h - an uncursed ring of poison resistance {unknown}
 j - a +6 ring of dexterity {unknown}
Magical devices
 p - a wand of flame (15)
Scrolls
 a - a scroll of amnesia {unknown}
 c - a scroll of blinking {unknown}
 l - 3 scrolls of remove curse {unknown}
 m - 2 scrolls of recharging {unknown}
 n - 2 scrolls of teleportation {unknown}
 o - 2 scrolls of identify {unknown}
 q - 3 scrolls of noise {unknown}
Potions
 e - 2 potions of degeneration {unknown}
 f - 4 potions of curing {unknown}
 i - a potion of might {unknown}
 k - a potion of flight {unknown}
 r - a potion of lignification {unknown}
 s - a potion of brilliance {unknown}
 u - a potion of heal wounds {unknown}
Comestibles
 b - 5 bread rations
 d - a meat ration
 v - 2 royal jellies


   Skills:
 - Level 3.6 Fighting
 - Level 3.2 Dodging
 - Level 1.5 Stealth
 + Level 8.9 Unarmed Combat


You had 5 spell levels left.
You didn't know any spells.

Dungeon Overview and Level Annotations

Branches:
Dungeon (4/15)
 Temple: D:4-7

Altars:
Yredelemnul

Annotations:
D:4 derrpe's ghost, average DDEE


Innate Abilities, Weirdness & Mutations

You reflexively headbutt those who attack you in melee.
You have a pair of horns on your head.


Message History

You feel yourself growing ill in the presence of the ancient zyme.
Found a bread ration and 19 bolts of penetration.
There is a corrupted altar of Lugonu here.
You kneel at the altar of Lugonu.
Lugonu welcomes you!
You can now depart the Abyss.
You can now bend space around yourself.
The red devil misses you.
Use which ability?
You pass through the gate.
Welcome back to the Dungeon!
Level annotation: derrpe's ghost, average DDEE You are feeling very hungry.
The adder closely misses you. The ogre barely misses you.
The adder bites you but does no damage. Derrpe's ghost barely misses you.
You furiously retaliate!
You headbutt derrpe's ghost, but do no damage.
The adder bites you but does no damage. Derrpe's ghost hits you.
* * * LOW HITPOINT WARNING * * *
Space bends around you.
You die...

)# #...........####
..........######........
..###### #.#.##... ..#
#.#.######### O.#
#....[......# ..#
#.#.#######.# .##
#.O.........# .#
#.S########.# .######
#@W# #.# ......####
#...# #.# .........#
#..... #.# ...##.#...
........ #.. .#.##.#..#
####.#..... ...
.#.##.#..# .#....# ..
.#.##.#..# ....###
.#.##.#..## .. .?
##.##.#<..####


You could see an ogre, derrpe's ghost and an adder.

Vanquished Creatures
  The ghost of RustyToe the Vandal, an average SpHu (D:3)
  A phantom (D:4)
  An ogre (D:4)
  Jessica (D:2)
  Natasha (thrice) (D:2)
  2 adders
  2 oozes (D:3)
  2 worms (D:3)
  6 orcs (D:3)
  2 giant cockroaches
  8 hobgoblins
  A jackal (D:3)
  A quokka (D:3)
  3 ball pythons
  6 bats (D:1)
  4 giant newts
  4 goblins
  8 kobolds
  10 rats
66 creatures vanquished.

Notes
Turn   | Place    | Note
--------------------------------------------------------------
     0 | D:1      | Goblin1989 the Minotaur Monk began the quest for the Orb.
     0 | D:1      | Reached XP level 1. HP: 19/19 MP: 0/0
   412 | D:1      | Reached XP level 2. HP: 26/26 MP: 1/1
   454 | D:1      | Reached skill level 5 in Unarmed Combat
   884 | D:2      | Reached XP level 3. HP: 28/31 MP: 2/2
  1005 | D:2      | Found a basalt altar of Yredelemnul.
  1014 | D:2      | Noticed Jessica
  1017 | D:2      | Killed Jessica
  1017 | D:2      | Reached skill level 6 in Unarmed Combat
  1159 | D:2      | Reached XP level 4. HP: 36/39 MP: 3/3
  1163 | D:2      | Found a faded altar to an unknown god.
  1196 | D:2      | Noticed Natasha
  1204 | D:2      | Killed Natasha
  1246 | D:2      | Noticed Natasha
  1251 | D:2      | Killed Natasha
  1490 | D:2      | Noticed Natasha
  1497 | D:2      | Killed Natasha
  1623 | D:3      | Noticed RustyToe's ghost (average SpHu)
  1632 | D:3      | Killed RustyToe's ghost
  1632 | D:3      | Reached skill level 7 in Unarmed Combat
  1632 | D:3      | Reached XP level 5. HP: 24/45 MP: 4/4
  2214 | D:4      | Noticed derrpe's ghost (average DDEE)
  2321 | D:4      | Noticed a phantom
  2347 | D:4      | Killed a phantom
  2347 | D:4      | Reached skill level 8 in Unarmed Combat
  2347 | D:4      | Reached XP level 6. HP: 39/51 MP: 5/5
  2437 | D:4      | Noticed an ogre
  2448 | D:4      | Killed an ogre
  2449 | D:4      | Noticed an ogre
  2472 | D:4      | Cast into the Abyss (derrpe's ghost)
  2473 | Abyss:1  | Noticed an ancient zyme
  2473 | Abyss:1  | Found a corrupted altar of Lugonu.
  2473 | Abyss:1  | Noticed an ancient zyme
  2474 | Abyss:1  | Noticed a red devil
  2474 | Abyss:1  | Noticed an efreet
  2476 | Abyss:1  | Became a worshipper of Lugonu the Unformed
  2476 | Abyss:1  | Acquired Lugonu's first power
  2476 | Abyss:1  | Acquired Lugonu's second power
  2477 | D:4      | Escaped the Abyss
  2478 | D:4      | Slain by derrpe's ghost

Vault maps used:
D:1:      ncdulo_smallfort
D:2:      yredelemnul_altar_generic, ecumenical_altar_1, uniq_natasha,
          uniq_jessica, uniq_crazy_yiuf_cottage
D:4:      temple_pool_b, first_bread
Abyss:1:  hangedman_cross_veins

Action                   |  1- 3 |  4- 6 || total
-------------------------+-------+-------++-------
Melee: Unarmed           |    65 |   123 ||   188
Invok: Depart the Abyss  |       |     1 ||     1
  Eat: Chunk             |       |     4 ||     4
